 Dungeon Crawl Stone Soup version 0.20.1-1-g8b1a95d (webtiles) character file.

2503 meatball the Ducker (level 9, -2/64 HPs)
             Began as an Octopode Fighter on July 5, 2017.
             Killed by divine providence
             ... invoked by an orc priest
              (16 damage)
             ... on level 7 of the Dungeon.
             The game lasted 00:37:17 (7219 turns).

meatball the Ducker (Octopode Fighter)              Turns: 7219, Time: 00:37:18

Health: -2/64      AC:  3    Str: 16    XL:     9   Next: 53%
Magic:  9/9        EV: 15    Int: 11    God:
Gold:   268        SH: 10    Dex: 13    Spells: 8/8 levels left

rFire    . . .     SeeInvis .   a - +0 long sword
rCold    . . .     Gourm    .   b - +1 shield
rNeg     . . .     Faith    .   (helmet restricted)
rPois    .         Spirit   .   (no amulet)
rElec    .         Reflect  .   o - +2 ring of protection (curse)
rCorr    .         Harm     .   y - ring of teleportation (curse)
MR       .....     Rnd*Tele +   (no ring)
Stlth    +++.......             (no ring)
Regen    0.2/turn               (no ring)
MPRegen  0.2/turn               (no ring)
                                (no ring)
                                (no ring)

@: no status effects
A: almost no armour, stealthy swim, amphibious, 8 rings, constrict 8, camouflage
1, gelatinous body 1
a: no special abilities


You were on level 7 of the Dungeon.
You were not hungry.

You visited 1 branch of the dungeon, and saw 7 of its levels.

You collected 268 gold pieces.

Inventory:

Hand Weapons
 a - a +0 long sword (weapon)
 z - a +1 great sword
Armour
 b - a +1 shield (worn)
Jewellery
 o - a cursed +2 ring of protection (left tentacle)
 x - an uncursed ring of ice
 y - a cursed ring of teleportation (right tentacle)
Wands
 g - a wand of paralysis (9/24)
Scrolls
 c - 2 scrolls of identify
 e - 2 scrolls of immolation
 i - 3 scrolls of teleportation
 j - a scroll of recharging
 n - a scroll of blinking {unknown}
 u - a scroll of enchant weapon
 w - a scroll of fear {unknown}
Potions
 k - 4 potions of curing
 l - a potion of mutation {unknown}
 q - a potion of ambrosia {unknown}
 r - a potion of lignification {unknown}
 s - 2 potions of flight {unknown}
Books
 f - a book of Geomancy

   Spells                             Type                      Level
   a - Sandblast                      Earth                        1
   b - Passwall                       Transmutation/Earth          2
   c - Stone Arrow                    Conjuration/Earth            3
   d - Petrify                        Transmutation/Earth          4
   e - Lee's Rapid Deconstruction     Earth                        5
Comestibles
 d - 2 bread rations
 m - 5 meat rations
 p - a royal jelly
 t - 10 fruits


   Skills:
 + Level 7.6 Fighting
 + Level 7.3 Long Blades
 + Level 7.9 Dodging
 - Level 1.1 Stealth
 - Level 4.0 Shields


You had 8 spell levels left.
You didn't know any spells.

Dungeon Overview and Level Annotations

Branches:
Dungeon (7/15)
 Temple: D:4-7

Altars:
Cheibriados
Dithmenos
Elyvilon
Gozag
Kikubaaqudgha
Ru
Vehumet
Xom
The Shining One

Shops:
D:4 *


Innate Abilities, Weirdness & Mutations

You cannot wear most types of armour.
You are very stealthy in the water. (Stealth+)
You are amphibious.
You can wear up to eight rings at the same time.
You can use your tentacles to constrict eight enemies at once.
Your skin changes colour to match your surroundings (Stealth+).
Your rubbery body absorbs attacks. (AC +1, EV +1)


Message History

You constrict the orc warrior.
You kill the orc warrior!
You block the orc priest's attack.
An orc comes into view. It is wielding a mace.
Things that are here:
a dire flail; a chain mail You slash the orc!
You kill the orc!
The orc priest hits you with a trident.
* * * LOW HITPOINT WARNING * * *
You slash the orc priest! Your grab misses the orc priest.
You squeeze the orc priest, but do no damage.
The orc priest is heavily wounded.
You block the orc priest's attack.
You closely miss the orc priest. You grab the orc priest.
The orc priest is heavily wounded.
You constrict the orc priest. The orc priest barely misses you.
The orc priest invokes the aid of Beogh against you.
Beogh smites you!
You die...

..# #. ... #.# #.# ..#
#.# #.# #.# #.# # #.#
#.# ###.######.####.#
#.........o)....#
#.#.######@####.#####.#
.#.######.#..........#
%....>.......#.#####.#
.##########.##.#####.#
####.......#
########.####### #.#
#........# #.#
#.######## #.# #.#


You could see an orc priest.

Vanquished Creatures
  2 orc warriors
  3 ogres
  2 phantoms (D:4)
  2 centaurs
  A gnoll sergeant (D:4)
  4 bullfrogs
  2 scorpions
  3 killer bees (D:7)
  A centaur zombie (D:6)
  A jelly (D:6)
  A gnoll shaman (D:4)
  An orc priest (D:5)
  Crazy Yiuf (D:3)
  4 orc wizards
  An iguana (D:6)
  Terence (D:3)
  6 worker ants
  Robin (D:2)
  39 gnolls (D:4)
  11 adders
  A shadow imp (D:5)
  5 oozes
  An adder zombie (D:5)
  3 worms
  4 dart slugs
  5 leopard geckos
  33 orcs
  4 giant cockroaches
  17 goblins
  10 hobgoblins
  17 jackals
  3 kobolds
  7 quokkas
  2 ball pythons (D:2)
  6 bats
  10 frilled lizards
  5 rats
  A fungus (D:3)
221 creatures vanquished.

Vanquished Creatures (others)
  An orc (D:3)
1 creature vanquished.

Grand Total: 222 creatures vanquished

Notes
Turn   | Place    | Note
-------+----------+-------------------------------------------
     0 | D:1      | meatball the Octopode Fighter began the quest for the Orb.
     0 | D:1      | Reached XP level 1. HP: 16/16 MP: 1/1
   106 | D:1      | Reached XP level 2. HP: 15/21 MP: 2/2
   489 | D:2      | Reached XP level 3. HP: 25/26 MP: 3/3
   778 | D:2      | Found a snail-covered altar of Cheibriados.
   787 | D:2      | Reached XP level 4. HP: 31/31 MP: 4/4
   794 | D:2      | Noticed Robin
   800 | D:2      | Killed Robin
   927 | D:2      | Found a white marble altar of Elyvilon.
  1216 | D:2      | Reached skill level 1 in Stealth
  1216 | D:2      | Reached XP level 5. HP: 31/37 MP: 5/5
  1778 | D:3      | Found a shadowy altar of Dithmenos.
  1795 | D:3      | Found a runed door.
  1799 | D:3      | Noticed Crazy Yiuf
  1804 | D:3      | Killed Crazy Yiuf
  2014 | D:3      | Found an ancient bone altar of Kikubaaqudgha.
  2057 | D:3      | Noticed Terence
  2104 | D:3      | Killed Terence
  2104 | D:3      | Reached XP level 6. HP: 36/43 MP: 6/6
  2125 | D:3      | Found a shimmering altar of Xom.
  2389 | D:3      | Found a radiant altar of Vehumet.
  2444 | D:4      | Found Myir's Assorted Antiques.
  2445 | D:4      | Found an opulent altar of Gozag.
  2636 | D:4      | Noticed a phantom
  2669 | D:4      | Killed a phantom
  2963 | D:4      | Reached XP level 7. HP: 21/49 MP: 7/7
  3036 | D:4      | Found a glowing golden altar of the Shining One.
  3072 | D:4      | Reached skill level 5 in Dodging
  3363 | D:4      | Reached skill level 5 in Fighting
  3462 | D:4      | Reached skill level 5 in Long Blades
  3802 | D:4      | Reached XP level 8. HP: 33/55 MP: 8/8
  4701 | D:4      | Found a sacrificial altar of Ru.
  4735 | D:5      | Entered Level 5 of the Dungeon
  6007 | D:6      | Reached XP level 9. HP: 43/63 MP: 9/9
  7219 | D:7      | Killed from afar by an orc priest

Skill      XL: |  1  2  3  4  5  6  7  8  9 |
---------------+----------------------------+-----
Stealth        | 1 |  1.1
Dodging        | 4 5 7 |  7.9
Long Blades    | 3 4 5 6 7 |  7.3
Fighting       | 4 5 6 7 |  7.6
Shields        | 4 |  4.0

Action                   |  1- 3 |  4- 6 |  7- 9 || total
-------------------------+-------+-------+-------++-------
Melee: Long sword        |    52 |   162 |   304 ||   518
       Constrict         |    13 |    42 |    85 ||   140
       Tentacles         |     9 |    40 |    86 ||   135
  Use: Potion            |       |     2 |     2 ||     4
       Scroll            |       |       |     9 ||     9
 Stab: Sleeping          |     5 |     2 |     5 ||    12
       Distracted        |       |       |     1 ||     1
  Eat: Chunk             |       |     7 |    14 ||    21
Armor: Skin              |     2 |     8 |     7 ||    17
Dodge: Dodged            |    15 |    48 |   131 ||   194
Block: Shield            |    22 |    60 |   137 ||   219
       Rpst.: Long sword |     4 |    10 |    42 ||    56
